[Event "Live Chess"]
[Site "Chess.com"]
[Date "2024.06.01"]
[Round "-"]
[White "Duke_of_Bebington"]
[Black "Dhaydon19"]
[Result "0-1"]
[WhiteElo "1622"]
[BlackElo "2709"]
[TimeControl "300"]
[EndTime "9:18:36 PDT"]
[Termination "Dhaydon19 won by resignation"]

1. e4 c6 2. d4 d5 3. e5 c5 4.
Nf3 cxd4 5. Nxd4 Nc6 6. Nxc6 bxc6 7. Bd3 e6 8. O-O Qc7 9. Re1 Ne7 10. Bf4 Ng6 11. Bg3 Rb8 12. b3 Bb4 13. Re3 Bc5 14. Re2 h5 15. h4 Be7 16. Bxg6 fxg6 17. Nd2 O-O 18. Nf3 c5 19. Qd3 Rf5 20. Rd1 Qc6 21. a4 Ba6 22. Qe3 Bxe2 23. Qxe2 d4 24. Qd2 Rxf3 25.
gxf3 Qxf3 26. Qd3 Qxd3 27. Rxd3 g5 28. hxg5 Bxg5 29. Kg2 Be7 30. Kf3 g5 31. Bh2 Kf7 32.
Kg3 Kg6 33. Rf3 Rf8 34. Rxf8 Bxf8 35. f3 Kf5 36. Kf2 Bg7 0-1

[Event "Live Chess"]
[Site "Chess.com"]
[Date "2024.06.01"]
[Round "-"]
[White "StoreySniper"]
[Black "Tatarinov_Maxim"]
[Result "1-0"]
[WhiteElo "2528"]
[BlackElo "2274"]
[TimeControl "300"]
[EndTime "9:19:05 PDT"]
[Termination "StoreySniper won by resignation"]

1. e4 c5 2. Nf3 Nc6 3. Bb5 g6 4. Bxc6 bxc6 5. d3 Bg7 6. Nc3 e5 7. Be3 d6 8. h3 Ne7 9. Qd2 Rb8 10. b3 O-O 11. O-O-O Qa5 12. Kb2 Be6 13. h4 h5 14.
Ng5 Bd7 15. f3 Rb7 16. g4 hxg4 17. h5 d5 18. Nxd5 Qd8 19. Nxe7+ Qxe7 20. fxg4 Bxg4 21. Rdg1 Bxh5 22. Qf2 Qf6 23. Qxf6 Bxf6 24. Rxh5 gxh5 25. Ne6+ Kh7 26. Nxf8+ 1-0

[Event "Live Chess"]
[Site "Chess.com"]
[Date "2024.06.01"]
[Round "-"]
[White "Ninifu"]
[Black "MellowAesthetic"]
[Result "0-1"]
[WhiteElo "2054"]
[BlackElo "2069"]
[TimeControl "300"]
[EndTime "9:19:06 PDT"]
[Termination "MellowAesthetic won on time"]

1. d4 Nf6 2. c4 g6 3. Nc3 Bg7 4. e4 d6 5. f4 O-O 6. Nf3 c5 7. d5 e6 8. Be2 exd5 9. cxd5 Re8 10. e5 dxe5 11. fxe5 Ng4 12. Bg5 Qb6 13. O-O Nxe5 14.
d6 Nbd7 15. Nd5 Qxb2 16. Rb1 Nxf3+ 17. Bxf3 Qd4+ 18. Kh1 Rb8 19. Be7 Bf8 20. Qxd4 cxd4 21. Nc7 Rxe7 22. dxe7 Bxe7 23. Bd5 Nf6 24. Bb3 Bf5 25.
Rbe1 Bb4 26. Rd1 d3 27. h3 h5 28. Nb5 Ne4 29. Rf4 g5 30. Rxf5 Ng3+ 31. Kh2 Nxf5 32.
Rxd3 Re8 33. Rd7 Re7 34. Rxe7 Nxe7 35. Nc7 Bd6+ 36. Kg1 Bxc7 37. Kf1 Kg7 38. Ke2 f6 39. Kd3 h4 40. Kc4 f5 41. Kc5 Kf6 42. Kd4 g4 43.
Ke3 Kg5 44. hxg4 fxg4 45. Be6 h3 46. gxh3 gxh3 47. Bxh3 Kf6 48. Bg4 Ke5 0-1

[Event "Live Chess"]
[Site "Chess.com"]
[Date "2024.06.01"]
[Round "-"]
[White "Queensandpawns"]
[Black "Tilbs_12"]
[Result "1-0"]
[WhiteElo "2460"]
[BlackElo "1662"]
[TimeControl "300"]
[EndTime "9:19:06 PDT"]
[Termination "Queensandpawns won by resignation"]

1. e4 c6 2. d3 d5 3. Nd2 dxe4 4.
Nxe4 Nf6 5. Ng3 e5 6. Nf3 Bd6 7. Be2 O-O 8. O-O Bg4 9. Bg5 Nbd7 10. h3 Bxf3 11. Bxf3 Qc7 12. Re1 Rfe8 13. Qd2 a6 14. h4 b5 15. h5 Rac8 16. h6 g6 17. Be4 c5 18. Qe3 c4 19. Qf3 Nxe4 20. Nxe4 Bf8 21. dxc4 bxc4 22. Rad1 Nc5 23. Nf6+ Kh8 24. Nxe8 Rxe8 25.
Bf6+ Kg8 26. Qd5 Na4 27. Bxe5 Qb6 28. Bd4 Qb5 29. Qxb5 axb5 30. Rxe8 1-0

[Event "Live Chess"]
[Site "Chess.com"]
[Date "2024.06.01"]
[Round "-"]
[White "f4nomore"]
[Black "hapehansen"]
[Result "0-1"]
[WhiteElo "1197"]
[BlackElo "2260"]
[TimeControl "300"]
[EndTime "9:19:13 PDT"]
[Termination "hapehansen won by resignation"]

1. b3 Nf6 2. Bb2 e6 3. e3 b6 4. f4 Bb7 5. Nf3 g6 6. Be2 Bg7 7. O-O O-O 8. Nc3 d5 9. Rb1 Nbd7 10. Nb5 a6 11. Nbd4 c5 12. Nxe6 fxe6 13. Ng5 Qe7 14. Bf3 Rae8 15. d4 cxd4 16. Bxd4 h6 17. Nh3 Nc5 18. b4 Ncd7 19. Qe1 b5 20. Qg3 Kh7 21.
Nf2 e5 22. fxe5 Nxe5 23. Qh3 Nxf3+ 24. gxf3 Bc8 25. Qg2 Bf5 26. Kh1 Bxc2 27. Rbc1 Rc8 28. Rg1 Bf5 29. e4 dxe4 30. Rxc8 Rxc8 31. fxe4 Nxe4 32.
Bxg7 Nxf2+ 33. Qxf2 Be4+ 34. Rg2 Rc1+ 35. Qg1 Rxg1+ 36. Kxg1 Bxg2 37. Kxg2 Kxg7 0-1

[Event "Live Chess"]
[Site "Chess.com"]
[Date "2024.06.01"]
[Round "-"]
[White "Andysav3"]
[Black "Ferrarifan27"]
[Result "0-1"]
[WhiteElo "1825"]
[BlackElo "2077"]
[TimeControl "300"]
[EndTime "9:19:21 PDT"]
[Termination "Ferrarifan27 won by resignation"]

1. e4 e5 2. Nf3 Nc6 3. d4 exd4 4. Bc4 Bb4+ 5. c3 dxc3 6. O-O cxb2 7. Bxb2 Nf6 8. Nc3 O-O 9. e5 Ng4 10. Nd5 d6 11.
exd6 Bxd6 12. h3 Nge5 13. Re1 Nxc4 14. Bc3 Be6 15. Rb1 Bxd5 0-1

[Event "Live Chess"]
[Site "Chess.com"]
[Date "2024.06.01"]
[Round "-"]
[White "grillage"]
[Black "will-balkwill"]
[Result "1-0"]
[WhiteElo "1945"]
[BlackElo "1077"]
[TimeControl "300"]
[EndTime "9:19:23 PDT"]
[Termination "grillage won by resignation"]

1. d4 Nf6 2. Nf3 g6 3. c4 Bg7 4. g3 O-O 5. Bg2 d6 6. O-O c5 7. Nc3 Nc6 8. d5 Nb8 9. e4 Bg4 10. Qd3 Nbd7 11. Nd2 Qc7 12. f3 Bh5 13. g4 Nxg4 14.
fxg4 Bxg4 15. Nf3 Ne5 16. Nxe5 Bxe5 17. Bf4 Bd4+ 18. Be3 Be5 19. Kh1 Qd7 20. Ne2 Bh3 21. Rf2 Qg4 22. Bh6 Rfe8 23. Qxh3 1-0

[Event "Live Chess"]
[Site "Chess.com"]
[Date "2024.06.01"]
[Round "-"]
[White "Hazban"]
[Black "GwaryTek"]
[Result "1-0"]
[WhiteElo "2043"]
[BlackElo "2030"]
[TimeControl "300"]
[EndTime "9:19:39 PDT"]
[Termination "Hazban won on time"]

1. d4 Nf6 2. Nf3 d6 3. Nc3 g6 4. e4 Bg7 5. h3 O-O 6. Be3 Nbd7 7. Qd2 c5 8. O-O-O cxd4 9. Nxd4 a6 10. Kb1 Re8 11. Bh6 Bh8 12. f3 Qc7 13. Nd5 Nxd5 14. exd5 b5 15. h4 Bb7 16. Nb3 Rac8 17. h5 Bxd5 18. hxg6 hxg6 19. Bd3 Ne5 20. Bf4 Be6 21. Bxe5 Bxe5 22. Qh6 Bg7 23. Qh7+ Kf8 24. Rde1 Bxb3 25. axb3 Qc5 26. Re4 Qf2 27. Rg4 e6 28. Ka2 Rc5 29.
Bxg6 fxg6 30. Rxg6 Qd4 31. c3 Rxc3 32. Qxg7+ Qxg7 33.
Rxg7 Kxg7 34. bxc3 1-0

[Event "Live Chess"]
[Site "Chess.com"]
[Date "2024.06.01"]
[Round "-"]
[White "CheDA13"]
[Black "Nathaniel250"]
[Result "0-1"]
[WhiteElo "1491"]
[BlackElo "1403"]
[TimeControl "300"]
[EndTime "9:19:48 PDT"]
[Termination "Nathaniel250 won by checkmate"]

1. e4 c5 2. Nf3 Nc6 3. d4 cxd4 4. Nxd4 e6 5. c4 Bc5 6. Be3 Qb6 7. Nc2 Bxe3 8. Nxe3 Qxb2 9. Nd2 Nd4 10. Bd3 Qb6 11.
O-O d6 12. Qg4 g6 13. Rfb1 Qc7 14. Qd1 Ne7 15. Nf3 Nxf3+ 16. Qxf3 O-O 17. h4 e5 18. h5 Be6 19. h6 f5 20. exf5 Bxf5 21. Bxf5 Nxf5 22.
Nxf5 Rxf5 23. Qxb7 Rf7 24. Qxc7 Rxc7 25. Rb4 Rac8 26.
Rab1 Kf7 27. Rb7 Ke6 28. Rxc7 Rxc7 29. Rb4 Kf5 30. Kf1 Kg5 31. Ke2 Kxh6 32. Ke3 Kg5 33. g3 Kf6 34. f4 exf4+ 35. gxf4 Kf5 36. Rb5+ Ke6 37. Kd4 h5 38. Rb2 Rd7 39. Re2+ Kf6 40. Ke4 Re7+ 41. Kf3 Rxe2 42. Kxe2 g5 43. Kf3 gxf4 44.
Kxf4 h4 45. Kg4 Ke5 46. Kxh4 Kd4 47. Kg4 Kxc4 48. Kf4 d5 49. Ke3 d4+ 50. Kd2 d3 51.
a4 a5 52. Kd1 Kb4 53. Kd2 Kxa4 54. Kxd3 Kb3 55. Kd2 Kb2 56. Kd3 a4 57. Kc4 a3 58. Kb4 a2 59. Kc5 a1=Q 60. Kd5 Qa4 61. Ke5 Qc4 62. Kf5 Qd4 63. Kg6 Qe5 64. Kf7 Qd6 65.
Kg7 Qe6 66. Kh8 Qe7 67. Kg8 Kc3 68. Kh8 Kd4 69. Kg8 Ke5 70. Kh8 Kf6 71. Kg8 Kg6 72. Kh8 Qg7# 0-1

[Event "Live Chess"]
[Site "Chess.com"]
[Date "2024.06.01"]
[Round "-"]
[White "GerardATHart"]
[Black "RamsayFlayer"]
[Result "0-1"]
[WhiteElo "1452"]
[BlackElo "1965"]
[TimeControl "300"]
[EndTime "9:19:54 PDT"]
[Termination "RamsayFlayer won by checkmate"]

1. e4 e5 2. Nf3 Nc6 3. Bb5 a6 4. Ba4 Nf6 5. d3 b5 6. Bb3 Bc5 7. c3 d6 8. O-O O-O 9. Nbd2 Be6 10. Bc2 Bb6 11. Qe2 h6 12. h3 Re8 13. Rd1 Nh5 14.
Nf1 Qf6 15. Be3 Nf4 16. Qe1 Nxh3+ 17. gxh3 Qxf3 18. Bxb6 Bxh3 19. Ng3 Qg2# 0-1

[Event "Live Chess"]
[Site "Chess.com"]
[Date "2024.06.01"]
[Round "-"]
[White "Yarigo"]
[Black "YukHei_Lee2011"]
[Result "1-0"]
[WhiteElo "2448"]
[BlackElo "2015"]
[TimeControl "300"]
[EndTime "9:20:04 PDT"]
[Termination "Yarigo won by checkmate"]

1. d4 c6 2. Nf3 d5 3. Bf4 Nf6 4. e3 Bf5 5. Bd3 Bg6 6. Qe2 Qb6 7.
b3 e6 8. O-O Be7 9. Ne5 O-O 10.
Bxg6 hxg6 11. c4 Nbd7 12. Nxd7 Nxd7 13. Nd2 c5 14. dxc5 Bxc5 15. cxd5 exd5 16. Nf3 Rfe8 17. Qd3 Nf6 18. Be5 Rad8 19. Rad1 Qc6 20. Rc1 Qb6 21.
Rc2 Ne4 22. Bd4 Bxd4 23. Nxd4 Rc8 24. Rfc1 Rxc2 25. Qxc2 Qf6 26. h3 Qa6 27. Qe2 Qb6 28.
Qb5 Qxb5 29. Nxb5 Re6 30. Rc8+ Kh7 31. Rc7 Ra6 32. a4 Rc6 33. Rxc6 bxc6 34. Nxa7 c5 35.
Nb5 c4 36. bxc4 dxc4 37. a5 c3 38. Nd4 Nc5 39. Kf1 Kg8 40. Ke2 Kf8 41. Nb5 Ke7 42.
Nxc3 Na6 43. Kd3 Nc5+ 44. Kc4 Na6 45. Kb5 Nc7+ 46. Kc6 Na6 47. Kb6 Nb8 48. Kb7 Nd7 49. Ne4 Ke6 50. a6 f5 51. Ng5+ Kf6 52. a7 Nc5+ 53.
Kc6 Nd3 54. f4 Nb4+ 55. Kd6 Nc2 56. a8=Q Nxe3 57. Qf8# 1-0

[Event "Live Chess"]
[Site "Chess.com"]
[Date "2024.06.01"]
[Round "-"]
[White "KyryloPoluliakh"]
[Black "TJ-W"]
[Result "1-0"]
[WhiteElo "1464"]
[BlackElo "1563"]
[TimeControl "300"]
[EndTime "9:20:20 PDT"]
[Termination "KyryloPoluliakh won by checkmate"]

1. c4 e5 2. Nc3 Nf6 3. g3 Bb4 4.
Nd5 Nxd5 5. cxd5 c6 6. Bg2 O-O 7. e3 d6 8. Ne2 cxd5 9. Bxd5 Nc6 10. O-O Bh3 11. Re1 Ne7 12. Bxb7 Rb8 13. Bf3 Ng6 14. a3 Ba5 15. b4 Bb6 16. d4 exd4 17. Nxd4 Qf6 18.
Bb2 Ne5 19. Bd5 a5 20. Nc6 Rbc8 21. Nxe5 dxe5 22. f4 axb4 23. Bxe5 Qg6 24. axb4 Rc2 25. Re2 Bg4 26. Qxc2 Bxe2 27. Qxe2 Rd8 28. Bf3 Qe6 29. Be4 f6 30. Bb1 fxe5 31. Ba2 Rd5 32. Qg2 Bxe3+ 33. Kh1 e4 34. Bxd5 Qxd5 35. Qa2 Qxa2 36. Rxa2 Bd4 37. Re2 e3 38. Kg2 Kf7 39. Kf3 Ke6 40.
Ke4 Bc3 41. Rxe3 Bxb4 42. g4 Bd2 43. Re2 Bc1 44. f5+ Kf6 45. h4 g5 46. hxg5+ Bxg5 47. Kf3 Bc1 48. Re6+ Kg5 49. f6 Bb2 50. f7 Bg7 51.
Re8 Kf6 52. f8=Q+ Bxf8 53. Rxf8+ Kg7 54. Rf5 Kg6 55. Kf4 h5 56. gxh5+ Kh6 57. Rg5 Kh7 58.
Rg6 Kh8 59. Kf5 Kh7 60. Kf6 Kh8 61. Kf7 Kh7 62. Rf6 Kh8 63. Rh6# 1-0

[Event "Live Chess"]
[Site "Chess.com"]
[Date "2024.06.01"]
[Round "-"]
[White "dl_chess"]
[Black "Brooms1989"]
[Result "0-1"]
[WhiteElo "1160"]
[BlackElo "1032"]
[TimeControl "300"]
[EndTime "9:20:21 PDT"]
[Termination "Brooms1989 won by checkmate"]

1. e4 e5 2. Bc4 Nf6 3. Nc3 Nxe4 4. Nxe4 d5 5. Bd3 dxe4 6. Bxe4 c6 7. Nf3 Bd6 8. h3 O-O 9. d4 f5 10. dxe5 fxe4 11. exd6 exf3 12. O-O fxg2 13. Re1 Qf6 14. Be3 Qh4 15. Kxg2 Qxh3+ 16. Kg1 Bg4 17. Qd4 Bf3 18. Qc4+ Kh8 19. Qf1 Qh1# 0-1

[Event "Live Chess"]
[Site "Chess.com"]
[Date "2024.06.01"]
[Round "-"]
[White "akp42"]
[Black "PatientChessPapa"]
[Result "1-0"]
[WhiteElo "1988"]
[BlackElo "909"]
[TimeControl "300"]
[EndTime "9:20:23 PDT"]
[Termination "akp42 won on time"]

1. e4 e5 2. Nf3 Nc6 3. d4 exd4 4. Nxd4 Bc5 5. Nxc6 bxc6 6. Bd3 d5 7. O-O Nf6 8. exd5 cxd5 9. Re1+ Be6 10. Bf5 Qd6 11. Qe2 Ne4 12. Bxe6 Qxe6 13. Be3 Bd6 14. f3 Nf6 15.
Qb5+ Qd7 16. Bxa7+ Kd8 17. Qxd7+ Kxd7 18. Bd4 Rhe8 19. Nc3 Rab8 20. b3 Rxe1+ 21. Rxe1 Rb4 22. Bxf6 gxf6 23. Nxd5 Rd4 24. Nxf6+ Kc6 25. Ne4 f5 26. Nxd6 cxd6 27. Re2 f4 28. Kf2 1-0

[Event "Live Chess"]
[Site "Chess.com"]
[Date "2024.06.01"]
[Round "-"]
[White "14141409"]
[Black "wadsy27"]
[Result "1-0"]
[WhiteElo "2560"]
[BlackElo "2590"]
[TimeControl "300"]
[EndTime "9:20:30 PDT"]
[Termination "14141409 won by resignation"]

1. e4 e6 2. d4 d5 3. e5 c5 4. c3 Qb6 5. Nf3 Bd7 6. Be2 Bb5 7. dxc5 Bxc5 8. b4 Be7 9. O-O Bxe2 10. Qxe2 Nc6 11. a4 a6 12. Na3 Qc7 13. Nc2 f6 14.
Bf4 f5 15. Ncd4 Nxd4 16. Nxd4 Qd7 17. Rfd1 h5 18. c4 g5 19. cxd5 gxf4 20. dxe6 Qc8 21. Nxf5 Kf8 22. Rd7 Qc6 23. Nd4 Qc3 24. Rd1 Rc8 25.
Qe4 Nh6 26. Qg6 Qc1 27. Nf5 1-0

[Event "Live Chess"]
[Site "Chess.com"]
[Date "2024.06.01"]
[Round "-"]
[White "DavrosLight"]
[Black "KeithArkell"]
[Result "0-1"]
[WhiteElo "778"]
[BlackElo "2514"]
[TimeControl "300"]
[EndTime "9:20:50 PDT"]
[Termination "KeithArkell won by checkmate"]

1. e4 c6 2. d4 d5 3. exd5 cxd5 4.
Bd3 Nf6 5. c3 Nc6 6. Bf4 Bg4 7.
Qb3 Qd7 8. Nd2 e6 9. Ngf3 Bxf3 10. Nxf3 Bd6 11. Bg3 O-O 12. Ne5 Qc7 13. O-O Nxe5 14. dxe5 Bxe5 15. Bxe5 Qxe5 16. Rae1 Qc7 17. Qc2 g6 18. f4 Rab8 19. a3 b5 20. b4 Rfc8 21. Rc1 Rb6 22. h3 a6 23. g4 Rc6 24. c4 bxc4 25. Be2 d4 26. g5 Nd5 27. h4 Ne3 28. Qd2 Nxf1 29. Rxf1 d3 30. Bf3 Rd6 31. h5 c3 32. Qh2 c2 33. hxg6 fxg6 34. Rc1 Qb6+ 35. Kg2 Qe3 36. Bh5 Qxc1 37. Bxg6 Qd2+ 38. Kg1 c1=Q# 0-1

[Event "Live Chess"]
[Site "Chess.com"]
[Date "2024.06.01"]
[Round "-"]
[White "Trecregin"]
[Black "A3ndrey9"]
[Result "1-0"]
[WhiteElo "1800"]
[BlackElo "1253"]
[TimeControl "300"]
[EndTime "9:20:59 PDT"]
[Termination "Trecregin won by resignation"]

1. e4 c6 2. d3 d5 3. Nf3 dxe4 4. Ng5 Bf5 5. Nc3 exd3 6. cxd3 Nf6 7. Qf3 e6 8. h3 Bg6 9. g4 h6 10. Nge4 Nxe4 11.
Nxe4 Bb4+ 12. Bd2 Qb6 13. Nc3 O-O 14. Be2 Nd7 15. a3 Bxc3 16. Bxc3 Nf6 17. Bxf6 gxf6 18. Qxf6 Qxb2 19. Qxb2 1-0

[Event "Live Chess"]
[Site "Chess.com"]
[Date "2024.06.01"]
[Round "-"]
[White "Purple1szed"]
[Black "peteopeteo"]
[Result "0-1"]
[WhiteElo "2079"]
[BlackElo "1624"]
[TimeControl "300"]
[EndTime "9:21:01 PDT"]
[Termination "peteopeteo won - game abandoned"]

1. e4 c6 2. d4 d5 3. e5 Bf5 4.
h4 h5 5. Bd3 Bxd3 6. Qxd3 c5 7.
e6 fxe6 8. Qg6+ Kd7 9. Nf3 Nc6 10. dxc5 Qa5+ 11. Bd2 Qxc5 12. O-O Rh6 13. Bxh6 Nxh6 14. Re1 Qd6 15. Nc3 a6 16. Rad1 Rc8 17. Ng5 Nd8 18. Rd2 Nf5 19. Nxe6 Nxe6 20. Qxf5 Rc5 21. Rde2 d4 22.
Qxe6+ Qxe6 23. Rxe6 dxc3 24. bxc3 Rxc3 25. R1e2 a5 26.
R6e3 Rc6 27. Rd2+ Kc7 28. Rf3 Rf6 29. Rxf6 exf6 30. Rd5 g6 31. Rxa5 Bd6 32. g3 b6 33.
Ra7+ Kc6 34. Rg7 Be5 35. Rxg6 b5 36. Rh6 Kc5 37. Rxh5 Kc4 38. Rxe5 fxe5 39. h5 Kd5 40. g4 Ke6 41. g5 Kf5 42. h6 Kg6 43. Kg2 b4 0-1

[Event "Live Chess"]
[Site "Chess.com"]
[Date "2024.06.01"]
[Round "-"]
[White "elephantgerrald"]
[Black "NottheBishopSacrifice"]
[Result "0-1"]
[WhiteElo "716"]
[BlackElo "2109"]
[TimeControl "300"]
[EndTime "9:21:03 PDT"]
[Termination "NottheBishopSacrifice won by checkmate"]

1. e4 c6 2. Nf3 d5 3. exd5 cxd5 4. d4 Nc6 5. Bb5 Bg4 6. O-O Bxf3 7. Qxf3 e6 8.
Bxc6+ bxc6 9. Qc3 Rc8 10. Bf4 Bd6 11. Bxd6 Qxd6 12. Nd2 Nf6 13. Nf3 O-O 14. Qc5 Qxc5 15. dxc5 Ne4 16. Rfe1 Nxc5 17. b3 Ne4 18. Ne5 c5 19. f3 Nd6 20. Nd7 Rfd8 21. Ne5 f6 22. Ng4 Kf7 23. Rad1 Nb5 24. Rd3 c4 25. bxc4 Rxc4 26.
a4 Rxa4 27. Rb3 Nd4 28. Rb7+ Kg6 29. h4 h5 30. Ne3 Ra2 31. g4 Nxf3+ 32. Kf2 Nxe1 33. Kxe1 d4 34. gxh5+ Kxh5 35. Rb5+ e5 36. Nf5 Rxc2 37. Nxg7+ Kxh4 38. Nf5+ Kg4 39. Nh6+ Kf3 40.
Rb3+ Rc3 41. Rb2 d3 42. Rf2+ Ke4 43. Kd2 Rc2+ 44. Kd1 Rxf2 45. Ng4 Rf1+ 46. Kd2 Rc8 47. Nxf6+ Rxf6 48. Kd1 Rf1+ 49. Kd2 Rc2# 0-1

[Event "Live Chess"]
[Site "Chess.com"]
[Date "2024.06.01"]
[Round "-"]
[White "TC2304"]
[Black "KGreenGator"]
[Result "1-0"]
[WhiteElo "2334"]
[BlackElo "1766"]
[TimeControl "300"]
[EndTime "9:21:05 PDT"]
[Termination "TC2304 won by resignation"]

1. h4 e5 2. a4 d5 3. e3 Be7 4. d4 e4 5. h5 Nf6 6. c4 Bg4 7. Be2 Bxe2 8. Nxe2 c6 9. cxd5 cxd5 10. Nbc3 Nc6 11.
Nf4 Nb4 12. Qe2 a6 13. b3 Bd6 14. O-O Bxf4 15. exf4 Nd3 16. Ba3 Nxf4 17. Qe3 N4xh5 18.
f3 Ng3 19. fxe4 Ngxe4 20. Rxf6 gxf6 21. Nxe4 dxe4 22. Qxe4+ Kd7 23. Qxb7+ Qc7 24. Qd5+ Kc8 25. Qxa8+ Qb8 26. Rc1+ 1-0

[Event "Live Chess"]
[Site "Chess.com"]
[Date "2024.06.01"]
[Round "-"]
[White "degringolade64"]
[Black "LaupMiths"]
[Result "1-0"]
[WhiteElo "2055"]
[BlackElo "1886"]
[TimeControl "300"]
[EndTime "9:21:23 PDT"]
[Termination "degringolade64 won by resignation"]

1. e4 d6 2. d4 g6 3. Nc3 Bg7 4. Be3 Nd7 5. f4 a6 6. Nf3 Ngf6 7. h3 O-O 8. e5 Nh5 9. Qd2 Ng3 10. Rg1 Nxf1 11. Rxf1 c5 12. dxc5 dxe5 13. fxe5 Nxe5 14. Qxd8 Rxd8 15. Nxe5 Bxe5 16. Ne4 Bf5 17. Nd2 Bxc2 18.
Rc1 Bd3 19. b4 Bg3+ 20. Rf2 f5 21. Nc4 Bxc4 22. Rxc4 Rd3 23. Ke2 Rad8 24. Rf3 Be5 25. Bg5 Rxf3 26. gxf3 Rd7 27. a4 Bg7 28. b5 h6 29. Be3 axb5 30. axb5 e5 31. c6 bxc6 32.
bxc6 1-0

[Event "Live Chess"]
[Site "Chess.com"]
[Date "2024.06.01"]
[Round "-"]
[White "Harry_Li"]
[Black "JohanKjeldahl"]
[Result "1-0"]
[WhiteElo "2158"]
[BlackElo "1863"]
[TimeControl "300"]
[EndTime "9:21:29 PDT"]
[Termination "Harry_Li won by resignation"]

1. d4 Nf6 2. c4 e5 3. dxe5 Ng4 4. Nf3 Bc5 5. e3 Nc6 6. Nc3 Ngxe5 7. Be2 O-O 8. Nxe5 Nxe5 9. O-O d6 10. f4 Ng6 11.
Kh1 Bd7 12. e4 Bc6 13. f5 Ne5 14. f6 g6 15. Qd2 Nd7 16. Qh6 Nxf6 17. Bg5 Bd4 18.
Qh4 Kg7 19. Rad1 Be5 20. Nd5 Bxd5 21. Rxd5 Bxb2 22. e5 Bxe5 23. Rxe5 1-0

[Event "Live Chess"]
[Site "Chess.com"]
[Date "2024.06.01"]
[Round "-"]
[White "TigerTank70"]
[Black "ProfPoisson"]
[Result "1-0"]
[WhiteElo "2179"]
[BlackElo "1234"]
[TimeControl "300"]
[EndTime "9:21:32 PDT"]
[Termination "TigerTank70 won on time"]

1. e4 e5 2. Nf3 Nf6 3. d4 Nxe4 4. dxe5 d5 5. exd6 Bxd6 6. Bd3 Bf5 7. Qe2 O-O 8. Bxe4 Bxe4 9. O-O Re8 10. Nc3 Bc6 11.
Qd3 Bxf3 12. Qxf3 Qh4 13. g3 Qh3 14. Qxb7 Nd7 15. Qg2 Qf5 16. f3 Ne5 17. Bf4 Bc5+ 18. Kh1 Ng6 19. Ne4 Nxf4 20. gxf4 Bb6 21. Qg3 Re6 22. Ng5 Rg6 23. Qg4 Qxc2 24. f5 Rf6 25. Qe4 Qxe4 26. fxe4 Rd8 27. Rad1 Rfd6 28. Rxd6 Rxd6 29.
Nf3 h5 30. Kg2 g6 31. e5 Rd3 32. f6 Bd4 33. Rc1 c5 34. Nxd4 cxd4 35. Rc8+ Kh7 36. Rf8 Rd2+ 37. Kf3 Rxb2 38. Rxf7+ Kg8 39. Rd7 Rb8 40.
e6 Rf8 41. f7+ Kg7 42. Rxd4 g5 43. Ke4 g4 44. Ke5 Rb8 45. a4 Rb3 46. Rd8 Re3+ 47. Kf4 Rxe6 48. f8=Q+ Kh7 49. Qg8+ Kh6 50. Qg5+ Kh7 51. Rd7+ 1-0

[Event "Live Chess"]
[Site "Chess.com"]
[Date "2024.06.01"]
[Round "-"]
[White "hapehansen"]
[Black "Ninifu"]
[Result "0-1"]
[WhiteElo "2246"]
[BlackElo "2066"]
[TimeControl "300"]
[EndTime "9:21:32 PDT"]
[Termination "Ninifu won by resignation"]

1. Nf3 Nf6 2. c4 g6 3. Nc3 Bg7 4. e4 d6 5. d4 O-O 6. Be2 e5 7.
d5 a5 8. Bg5 Na6 9. Nd2 Qe8 10.
O-O Bd7 11. a3 h6 12. Be3 Qe7 13. Rb1 Nh7 14. b4 axb4 15. axb4 f5 16. exf5 gxf5 17.
f4 exf4 18. Bxf4 Bxc3 0-1

[Event "Live Chess"]
[Site "Chess.com"]
[Date "2024.06.01"]
[Round "-"]
[White "Inglaterra"]
[Black "ALEX_UA_69"]
[Result "0-1"]
[WhiteElo "2038"]
[BlackElo "1757"]
[TimeControl "300"]
[EndTime "9:21:35 PDT"]
[Termination "ALEX_UA_69 won on time"]

1. c4 e5 2. Nc3 Nf6 3. Nf3 Nc6 4.
g3 d5 5. cxd5 Nxd5 6. Bg2 Nxc3 7. bxc3 Bd6 8. d3 Bd7 9. O-O O-O 10. Rb1 Rb8 11. Nd2 b6 12. e4 Be6 13. Qa4 Bd7 14. Qc2 a5 15. Nc4 Bc5 16. Ne3 Be6 17.
Nd5 Ne7 18. c4 c6 19. Nxe7+ Qxe7 20. Be3 Bxe3 21. fxe3 b5 22. c5 Rfd8 23. Rbd1 f6 24. d4 Bc4 25. Rf2 exd4 26. exd4 Qe6 27. Rfd2 Qe7 28.
Qc3 a4 29. Re1 Qf7 30. a3 Qe7 31. e5 Bd5 32. Bxd5+ Rxd5 33. Rde2 Qf7 34. exf6 Qxf6 35. Re8+ Rxe8 36. Rxe8+ Kf7 37. Re4 g6 38. Qa5 Kg7 39.
Qc7+ Kh6 40. Rh4+ Rh5 41. Rxh5+ Kxh5 42. Qd7 Kh6 43. Kg2 g5 44. d5 Qb2+ 45. Kh3 cxd5 46.
Qxd5 Qxa3 47. c6 g4+ 48. Kxg4 Qb4+ 49. Kh3 Qc3 50. Qe6+ Kg5 51. Qg4+ Kf6 52. Qf4+ Ke7 53. c7 Kd7 54. Qf7+ Kc8 55. Qxh7 a3 56. Qg8+ Kxc7 0-1

[Event "Live Chess"]
[Site "Chess.com"]
[Date "2024.06.01"]
[Round "-"]
[White "viktor_forever1994"]
[Black "13Alexey"]
[Result "0-1"]
[WhiteElo "1431"]
[BlackElo "739"]
[TimeControl "300"]
[EndTime "9:21:42 PDT"]
[Termination "13Alexey won on time"]

1. e4 e5 2. Nf3 Nc6 3. d4 exd4 4. Nxd4 Nxd4 5. Qxd4 Nf6 6. e5 Nh5 7. Be2 g6 8. O-O Bg7 9. Nc3 O-O 10. Bxh5 gxh5 11.
Bf4 Re8 12. Rad1 d6 13. Rfe1 Bf5 14. Rd2 dxe5 15. Qxd8 Raxd8 16. Rxd8 Rxd8 17. Bxe5 Bxe5 18. Rxe5 Bxc2 19. Rxh5 a6 20. h4 b5 21. Rc5 b4 22.
Ne2 Rd2 23. Nf4 Bb1 24. a3 Rxb2 25. axb4 Rxb4 26. Nd5 Rb5 27. Rxb5 axb5 28. Nxc7 b4 29. Nd5 b3 30. Nc3 Bc2 31. Na4 Kg7 32. Kf1 Kg6 33.
Ke2 h5 34. Kd2 f5 35. Kc3 f4 36. Nc5 Kf5 37. Nxb3 Bxb3 38. Kxb3 Kg4 39. Kc3 Kxh4 40.
Kd3 Kg4 41. Ke4 h4 42. f3+ Kg3 43. Kf5 Kxg2 44. Kxf4 h3 45. Kg4 h2 46. f4 h1=Q 47. f5 Qd1+ 48. Kg5 Qd2+ 49. Kg6 Qd6+ 0-1

[Event "Live Chess"]
[Site "Chess.com"]
[Date "2024.06.01"]
[Round "-"]
[White "resipsa6"]
[Black "Bradfield133"]
[Result "0-1"]
[WhiteElo "2047"]
[BlackElo "2053"]
[TimeControl "300"]
[EndTime "9:21:46 PDT"]
[Termination "Bradfield133 won by resignation"]

1. e4 c5 2. Nf3 Nc6 3. d4 cxd4 4. Nxd4 g6 5. Nc3 Bg7 6. Be3 Nf6 7. f3 O-O 8. Be2 d5 9. Nxc6 bxc6 10. exd5 Nxd5 11. Nxd5 cxd5 12. c3 Rb8 13. Qd2 Qc7 14. O-O Rd8 15. Bf4 e5 16. Bh6 Bxh6 17. Qxh6 Qb6+ 18. Kh1 Qxb2 19. Rfe1 Qxc3 20. h4 e4 21. fxe4 dxe4 22.
h5 Rb2 23. hxg6 hxg6 24. Bh5 Qh8 25. Qxh8+ Kxh8 26. Be2 Rdd2 27. Bf1 f5 28. Rac1 Be6 29.
Rc6 Bf7 30. Rf6 Kg7 31. Ra6 Rxa2 32. Rc6 Rd7 33. Rb1 a5 34. Bc4 Bxc4 35. Rxc4 Rdd2 36. Rc7+ Kh6 37. Rc6 Rxg2 38. Rbb6 e3 39. Rb7 e2 40.
Rxg6+ Rxg6 41. Rb1 Rd2 0-1

[Event "Live Chess"]
[Site "Chess.com"]
[Date "2024.06.01"]
[Round "-"]
[White "TheSmoulderingMaster"]
[Black "GeorgianaMorea"]
[Result "1-0"]
[WhiteElo "1744"]
[BlackElo "1982"]
[TimeControl "300"]
[EndTime "9:21:47 PDT"]
[Termination "TheSmoulderingMaster won by resignation"]

1. e4 c5 2. Nf3 e6 3. d4 cxd4 4.
Nxd4 a6 5. Nc3 Qc7 6. Be3 Bb4 7.
Bd2 Nf6 8. Bd3 Nc6 9. Nb3 O-O 10. O-O b5 11. Kh1 Bb7 12. f4 d6 13. Qf3 d5 14. e5 Ne8 15. Qh5 f5 16. exf6 Nxf6 17. Qh4 Be7 18. Rae1 Qd6 19. Rf3 Rfe8 20. Rh3 h6 21. Qg3 Kh8 22. Qg6 Bc8 23. Ree3 e5 24. Reg3 Bf8 25. Nxd5 Ne7 26. Rxh6+ gxh6 27. Qxf6+ Qxf6 28. Nxf6 Bg7 29. Nxe8 exf4 30. Bxf4 Bxb2 31. Be4 Ra7 32. Bd6 Bf6 33. Nxf6 1-0

[Event "Live Chess"]
[Site "Chess.com"]
[Date "2024.06.01"]
[Round "-"]
[White "willc-h99"]
[Black "jimwad"]
[Result "1-0"]
[WhiteElo "2667"]
[BlackElo "1223"]
[TimeControl "300"]
[EndTime "9:21:49 PDT"]
[Termination "willc-h99 won by resignation"]

1. d4 d5 2. Bg5 Nf6 3. Bxf6 exf6 4.
e3 Nc6 5. a3 Bd7 6. c4 dxc4 7.
Bxc4 Be7 8. Nc3 O-O 9. Nge2 a6 10. O-O b5 11. Bd3 Na7 12. Rc1 c5 13. dxc5 Bxc5 14. Ne4 Be7 15. Nd4 Rc8 16. Qf3 Ra8 17. Rfd1 Rc8 18. Rxc8 Nxc8 19. Ng3 Nd6 20. Ndf5 Nxf5 21. Bxf5 Bxf5 22. Rxd8 1-0